 Dungeon Crawl Stone Soup version 0.28.0-53-g5a82cb258f (webtiles) character file.

Game seed: 51621021741038489

828 issech the Covered (level 7, -5/61 HPs)
             Began as a Minotaur Monk on May 23, 2022.
             Slain by an orc priest
             ... wielding a +0 morningstar
              (7 damage)
             ... on level 5 of the Dungeon on May 24, 2022.
             The game lasted 00:12:36 (4364 turns).

issech the Covered (Minotaur Monk)                  Turns: 4364, Time: 00:12:37

Health: -5/61      AC: 20    Str: 19    XL:     7   Next: 65%
Magic:  6/6        EV:  9    Int:  7    God:
Gold:   182        SH:  0    Dex: 14    Spells: 6/6 levels left

rFire   . . .      SeeInvis .   h - +2 dagger (protect)
rCold   . . .      Faith    .   (no shield)
rNeg    . . .      Spirit   .   k - +0 chain mail
rPois   .          Reflect  .   (helmet restricted)
rElec   .          Harm     .   (no cloak)
rCorr   .          Rampage  .   w - +2 pair of gloves {Str+3}
Will    .....                   (no boots)
Stlth   ..........              (no amulet)
HPRegen 0.20/turn               (no ring)
MPRegen 0.10/turn               (no ring)

@: under a protective aura
A: horns 2, retaliatory headbutt
a: no special abilities


You were on level 5 of the Dungeon.
You visited 2 branches of the dungeon, and saw 6 of its levels.

You collected 182 gold pieces.

Inventory:

Hand Weapons
 h - a +2 dagger of protection (weapon)
 p - a +0 arbalest
 q - a +0 mace
 t - a +0 flail
 z - a +0 dagger of flaming
 F - a +0 war axe
 I - a +2 dagger of electrocution
Missiles
 c - 14 poisoned darts
 f - 130 stones
 l - 53 arrows
 n - 6 javelins (quivered)
 B - 19 sling bullets
Armour
 b - a +0 robe
 k - a +0 chain mail (worn)
 r - a +0 ring mail
 s - a +0 scale mail
 w - a +2 pair of gloves of strength (worn)
 A - a +0 leather armour
Magical Staves
 H - a staff of fire
Wands
 y - a wand of iceblast (12)
 C - a wand of paralysis (7)
Scrolls
 d - 5 scrolls of identify {unknown}
 g - 2 scrolls of noise {unknown}
 i - a scroll of magic mapping {unknown}
 m - a scroll of silence {unknown}
 v - a scroll of brand weapon {unknown}
 x - a scroll of blinking {unknown}
 E - a scroll of teleportation {unknown}
 G - a scroll of vulnerability {unknown}
Potions
 a - 2 potions of mutation {unknown}
 e - a potion of resistance {unknown}
 j - a potion of degeneration {unknown}
 o - 3 potions of curing {unknown}
 u - a potion of attraction {unknown}
 D - a potion of lignification {unknown}


   Skills:
 + Level 5.1 Fighting
 + Level 4.5 Short Blades
 + Level 4.7 Axes
 + Level 0.2 Throwing
 + Level 5.9 Armour
 + Level 4.8 Dodging
 + Level 2.0 Stealth


You had 6 spell levels left.
You didn't know any spells.
Your spell library contained the following spells:

 Spells                   Type           Power      Damage    Failure   Level
 Ozocubu's Armour         Ice            0%         N/A       100%        3
 Metabolic Englaciation   Hex/Ice        0%         N/A       100%        5
 Simulacrum               Ice/Necr       0%         N/A       100%        6


Dungeon Overview and Level Annotations

Branches:
Dungeon (5/15)             Temple (1/1) D:4

Altars:
Ashenzari
Dithmenos
Elyvilon
Fedhas
Gozag
Makhleb
Nemelex Xobeh
Okawaru
Sif Muna
Trog
Vehumet
Wu Jian
Xom

Shops:
D:1 (


Innate Abilities, Weirdness & Mutations

You have a pair of horns on your head.
You reflexively headbutt those who attack you in melee.


Message History

You closely miss the orc priest. You headbutt the orc priest.
The orc priest is severely wounded.
The orc priest hits you but does no damage.
You hit the orc priest but do no damage.
You headbutt the orc priest, but do no damage.
The orc priest is severely wounded.
The wyvern bites you!
The orc priest hits you but does no damage.
You hit the orc priest.
You headbutt the orc priest, but do no damage.
The orc priest is almost dead.
The wyvern barely misses you. The wyvern bites you!
You hit the orc priest but do no damage.
The orc priest is almost dead.
The orc priest calls down the wrath of Beogh upon you.
Beogh smites you!
* * * LOW HITPOINT WARNING * * *
The wyvern closely misses you.
You barely miss the orc priest. Your headbutt misses the orc priest.
The orc priest is almost dead.
The orc priest hits you with a +0 morningstar!
* * * LOW HITPOINT WARNING * * *
The wyvern completely misses you.
You hit the orc priest but do no damage.
You headbutt the orc priest, but do no damage.
You punch the orc priest, but do no damage.
The orc priest is almost dead.
The wyvern hisses menacingly.
The wyvern bites you but does no damage.
The orc priest closely misses you. You furiously retaliate!
You headbutt the orc priest, but do no damage.
You barely miss the orc priest.
You headbutt the orc priest, but do no damage.
The orc priest is almost dead.
The wyvern bites you but does no damage.
You hit the orc priest but do no damage.
You headbutt the orc priest, but do no damage.
The orc priest is almost dead.
The orc priest hits you with a +0 morningstar!
You die...

........#### ........#...
......# .. ## .. .<....#
.###. . †.....# ##.#. .##
......# #..)# ..# ####.##
#...#####...# #.#
#...#)..#...# .# #.###
##.#)o@..# ###.#
#...##...###l..###...##
#.###.....#.###.#.....#
#.##.#...#...#...#
#....#####...#...#####
#.##.#...#...#...#...#...
#.#.#.....#.###.#.....#
#...##...###...###...##
########## ###.######.#


You could see a wyvern and an orc priest.

Vanquished Creatures
  Sigmund (D:3)
  A black bear (D:5)
  A phantom (D:3)
  A water moccasin skeleton (D:2)
  A centaur skeleton (D:2)
  2 orc priests (D:4)
  A hound (D:4)
  Terence (D:3)
  An iguana (D:5)
  Ijyb (D:3)
  3 orc wizards
  A hound skeleton (D:5)
  3 gnolls (D:3)
  4 adders
  An adder skeleton (D:5)
  3 worms
  4 dart slugs
  10 orcs
  11 bats
  6 endoplasms
  5 giant cockroaches
  6 goblins
  6 hobgoblins
  5 jackals
  2 quokkas
  5 ball pythons
  2 frilled lizards (D:1)
  10 kobolds
  7 rats
105 creatures vanquished.

Notes
Turn   | Place    | Note
-------+----------+-------------------------------------------
     0 | D:1      | issech the Minotaur Monk began the quest for the Orb.
     0 | D:1      | Reached XP level 1. HP: 19/19 MP: 0/0
   146 | D:1      | Reached XP level 2. HP: 24/27 MP: 1/1
   626 | D:1      | Reached XP level 3. HP: 33/33 MP: 2/2
   662 | D:1      | Found Hoxia's Weapon Boutique.
  1398 | D:2      | Reached XP level 4. HP: 40/40 MP: 3/3
  1407 | D:2      | Reached skill level 1 in Short Blades
  1585 | D:2      | Reached skill level 1 in Armour
  1600 | D:2      | Reached XP level 5. HP: 36/47 MP: 4/4
  2109 | D:3      | Noticed Terence
  2109 | D:3      | Noticed Ijyb
  2123 | D:3      | Killed Ijyb
  2135 | D:3      | Killed Terence
  2286 | D:3      | Noticed a phantom
  2315 | D:3      | Killed a phantom
  2316 | D:3      | Reached XP level 6. HP: 45/53 MP: 5/5
  2527 | D:3      | Noticed Sigmund
  2549 | D:3      | Killed Sigmund
  2932 | D:4      | Found a staircase to the Ecumenical Temple.
  2952 | Temple   | Entered the Ecumenical Temple
  3324 | D:4      | Reached skill level 5 in Armour
  3324 | D:4      | Reached XP level 7. HP: 36/60 MP: 6/6
  3691 | D:4      | Found a sparkling altar of Nemelex Xobeh.
  3810 | D:4      | Reached skill level 5 in Fighting
  4202 | D:5      | Entered Level 5 of the Dungeon
  4355 | D:5      | Noticed a wyvern
  4361 | D:5      | HP: 1/61 [orc priest/+0 morningstar (7)]
  4364 | D:5      | Slain by an orc priest

Illustrated notes

Levels and vault maps discovered:
D:1:      elethiomel_arrival_maze, layout_loops_ring, serial_shops, shop,
          minmay_pentomino_w4
D:2:      layout_rooms
D:3:      layout_basic, uniq_terence, uniq_sigmund, uniq_ijyb
D:4:      layout_basic, nemelex_xobeh_ov_fountains_minmay,
          minmay_temple_entry_tees
D:5:      nicolae_cairo_tiling, layout_loops_cross,
          nicolae_hepliaklqana_hippocampus, serial_undead, serial_undead_f,
          serial_undead_e, serial_undead_f, serial_undead_d
Temple:   hc_temple_tempest_star

Skill      XL: |  1  2  3  4  5  6  7 |
---------------+----------------------+-----
Axes           | 4 |  4.7
Stealth        | 2 |  2.0
Fighting       | 4 5 |  5.1
Short Blades   | 2 3 4 |  4.5
Armour         | 1 3 5 |  5.9
Dodging        | 4 |  4.8
Throwing       | |  0.2

Action                   |  1- 3 |  4- 6 |  7- 9 || total
-------------------------+-------+-------+-------++-------
Melee: Hand axe          |    23 |       |       ||    23
       Headbutt          |    17 |    37 |    33 ||    87
       Dagger            |    73 |   158 |   127 ||   358
       Punch             |       |     3 |     6 ||     9
Throw: Javelin           |       |     2 |     4 ||     6
Armor: Robe              |    14 |       |       ||    14
       Chain mail        |    42 |    86 |    64 ||   192
Dodge: Dodged            |    78 |    55 |    45 ||   178
